Map: Lightshade LE

Players

ViBE - Winner!

  • Race: Zerg Zerg
  • League: Master

IIIIIIIIIIII

  • Race: Terran Terran
  • League: Diamond

VOD

Have the link to the VOD?

Description

Time

  • Played on: May 1, 2021, 7:19 p.m.
  • Length: 8:47
Show
View Real Time Build Order
Export as new Build Order

ViBE Zerg - Winner!

Build Orders: Hatch First 

Get SALT Encoding   

  12  0:00  Drone  
  13  0:12  Overlord  
  13  0:19  Drone  
  14  0:30  Drone x2  
  16  0:42  Drone  
  17  0:51  Hatchery  
  16  0:58  Drone x2  
  18  1:12  Extractor  
  18  1:14  Spawning Pool  
  16  1:18  Drone  
  16  1:20  Drone  
  18  1:28  Drone  
  19  1:46  Overlord  
  19  1:59  Drone  
  20  2:03  Queen  
  20  2:04  Queen  
  20  2:07  Zergling x4  
  26  2:13  Drone  
  26  2:14  Metabolic Boost  
  27  2:18  Drone  
  28  2:28  Drone x2  
  30  2:40  Hatchery  
  30  2:43  Overlord  
  29  2:52  Overlord  
  29  3:01  Queen  
  29  3:03  Drone x3  
  34  3:10  Drone x3  
  37  3:16  Drone  
  38  3:22  Drone x4  
  42  3:33  Overlord  
  42  3:36  Drone  
  43  3:48  Drone  
  44  3:55  Queen  
  46  3:56  Overlord  
  46  4:00  Zergling x4  
  48  4:04  Roach Warren  
  48  4:09  Zergling x2  
  49  4:10  Zergling x6  
  49  4:15  Drone x4  
  49  4:16  Drone x3  
  58  4:26  Drone x3  
  61  4:45  Overlord  
  61  4:47  Overlord  
  61  4:49  Overlord  
  61  4:51  Lair  
  61  5:00  Overlord  
  61  5:03  Queen x2  
  61  5:06  Drone x5  
  61  5:07  Drone x3  
  73  5:14  Roach x3  
  77  5:18  Hatchery  
  78  5:24  Drone x11  
  78  5:25  Drone  
  90  5:41  Spore Crawler  
  89  5:42  Spore Crawler  
  89  5:44  Spore Crawler  
  87  5:53  Drone x3  
  90  5:58  Overlord x2  
  90  6:01  Extractor  
  90  6:03  Extractor x2  
  90  6:04  Drone x4, Extractor  
  88  6:05  Extractor, Overlord x3  
  88  6:06  Overlord x5  
  89  6:28  Queen x3  
  95  6:34  Hydralisk Den  
  95  6:35  Spore Crawler  
  95  6:37  Spore Crawler x2  
  95  6:38  Spore Crawler x2  
  95  6:39  Spore Crawler  
  85  6:44  Queen  
  83  6:51  Drone  
  83  6:52  Drone x10  
  92  7:04  Queen, Grooved Spines  
  92  7:07  Queen x2  
  96  7:20  Queen  
  94  7:25  Spore Crawler  
  94  7:26  Spore Crawler  
  90  7:37  Drone x7  
  90  7:38  Drone x5  
  101  7:45  Roach x7  
  111  7:55  Evolution Chamber  
  111  7:56  Evolution Chamber  
  109  8:02  Drone  
  110  8:08  Overlord x5  
  110  8:10  Drone  
  110  8:11  Drone x4  
  115  8:14  Extractor  
  115  8:15  Extractor  
  113  8:22  Hatchery  
  113  8:23  Hatchery, Drone  
  113  8:24  Drone x3  
Show
View Real Time Build Order
Export as new Build Order

IIIIIIIIIIII Terran 

Build Orders: Mech 

Get SALT Encoding   

  12  0:00  SCV  
  13  0:13  SCV  
  14  0:17  Supply Depot  
  14  0:25  SCV  
  15  0:39  SCV  
  15  0:42  Barracks  
  16  0:51  SCV  
  17  1:03  SCV  
  18  1:15  SCV  
  19  1:30  Marine  
  19  1:31  Command Center  
  21  1:37  Bunker  
  21  1:38  Orbital Command  
  20  1:48  Marine  
  21  1:59  Refinery  
  21  2:00  Refinery  
  21  2:02  Supply Depot  
  21  2:04  SCV  
  22  2:11  Marine  
  23  2:24  SCV  
  24  2:33  Marine  
  24  2:36  SCV  
  26  2:49  Orbital Command  
  26  2:51  SCV  
  27  2:59  Marine  
  27  3:00  Factory  
  27  3:03  SCV  
  27  3:05  Refinery  
  29  3:06  Refinery  
  29  3:15  SCV  
  29  3:17  Marine  
  29  3:19  SCV  
  32  3:27  SCV  
  32  3:32  SCV  
  34  3:37  Bunker  
  34  3:39  SCV  
  35  3:42  Marine  
  35  3:43  Factory Tech Lab  
  35  3:44  SCV  
  35  3:45  Starport  
  37  3:51  SCV  
  38  3:56  SCV  
  38  4:02  Supply Depot  
  39  4:03  SCV  
  39  4:08  SCV  
  41  4:14  Siege Tank  
  41  4:15  SCV  
  45  4:20  SCV  
  45  4:24  Starport Tech Lab, Fusion Core  
  46  4:26  Starport  
  46  4:27  SCV  
  47  4:33  SCV  
  47  4:34  Marine  
  49  4:39  SCV  
  49  4:45  SCV, Supply Depot  
  51  4:47  Supply Depot  
  51  4:52  SCV  
  52  4:57  SCV  
  53  5:04  SCV  
  57  5:08  Supply Depot  
  57  5:09  SCV  
  57  5:13  Battlecruiser  
  61  5:15  Battlecruiser  
  61  5:16  SCV  
  69  5:21  SCV  
  69  5:26  Weapon Refit  
  69  5:28  SCV  
  70  5:29  Supply Depot  
  70  5:30  Factory Reactor  
  71  5:39  SCV  
  71  5:41  SCV  
  72  5:43  Command Center  
  72  5:51  SCV  
  72  5:53  SCV  
  72  5:55  Armory, Engineering Bay  
  74  6:04  SCV  
  75  6:05  SCV, Factory  
  75  6:07  Factory  
  75  6:11  Hellion x2  
  80  6:16  SCV  
  80  6:17  SCV  
  82  6:18  Supply Depot  
  82  6:28  SCV  
  82  6:30  SCV  
  82  6:32  Hellion  
  86  6:42  Starport Reactor  
  86  6:45  SCV  
  89  6:47  Hellion  
  89  6:48  Terran Vehicle Weapons Level 1  
  89  6:50  Missile Turret  
  89  6:54  Hellion  
  91  7:06  SCV  
  92  7:11  Orbital Command  
  92  7:13  SCV  
  87  7:24  SCV  
  87  7:25  Hellion, Infernal Pre-Igniter, Siege Tank x2  
  87  7:26  Hellion  
  98  7:30  Factory x2  
  98  7:31  SCV  
  98  7:33  Starport Reactor  
  98  7:36  SCV, Armory  
  100  7:37  Supply Depot  
  100  7:38  Supply Depot  
  100  7:39  Starport Tech Lab  
  100  7:43  Refinery  
  99  7:51  SCV  
  98  7:53  SCV  
  98  7:55  Hellion  
  98  7:57  Siege Tank  
  98  7:58  Orbital Command  
  104  8:08  SCV, Supply Depot  
  104  8:09  Supply Depot  
  105  8:16  Hellion, Hellbat  
  105  8:17  Hellion  
Tags
 
Composition
Mech
Matchup
TvZ
Player
ViBE
Replay Pack
Diamond_Zerg
Add a new tag
Caveats
  • Supply blocks, unpowered buildings, or Contaminate may cause inaccurate times.
  • Supply counts are checked every 10 seconds.